MWL (24 & UNDER)
CINCINNATI PRIDE @ LEE'S SUMMIT TIGERS
09/26/2026
 
TOP OF THE 1ST
Cincinnati Pride batting - Pitching for Lee's Summit Tigers : LHP Jeff Sandusky
Pitching: LHP Jeff Sandusky
Batting: RHB Wilson Flores 0-0: Swinging Strike
0-1: Bunted foul
0-2: Ball
1-2: Strikes out looking
Batting: LHB Ángel Tuzzi 0-0: Ball
1-0: Called Strike
1-1: Ball
2-1: Foul Ball, location: 2F
2-2: Ball
3-2: Strikes out swinging
Batting: LHB John Clark 0-0: Ball
1-0: Ball
2-0: Swinging Strike
2-1: Ball
3-1: Base on Balls
Batting: LHB Iván Vázquez 0-0: Called Strike
0-1: DOUBLE (Flyball, 78XD)
John Clark to third
Runner from 3rd tries for Home, SAFE, throw made at trailing runner, SAFE at third!
Batting: RHB Álex Hernández 0-0: Ball
1-0: Called Strike
1-1: Swinging Strike
1-2: Strikes out looking
Top of the 1st over - 1 run(s), 1 hit(s), 0 error(s), 1 left on base; Cincinnati 1 - Lee's Summit 0
BOTTOM OF THE 1ST
Lee's Summit Tigers batting - Pitching for Cincinnati Pride : LHP Josh Wall
Pitching: LHP Josh Wall
Batting: RHB Michael Hall 0-0: Ball
1-0: Foul Ball, location: 2F
1-1: SINGLE (Line Drive, 6MD)
Batting: RHB Ricardo Velásquez 0-0: Ball
1-0: Called Strike
1-1: Fly out, F7 (Line Drive, 78S)
Batting: LHB Edward Rose 0-0: Fly out, F7 (Flyball, 7LM)
Batting: RHB Oliver Todd 0-0: Called Strike
0-1: Foul Ball, location: 2F
0-2: Ball
1-2: Strikes out swinging
Bottom of the 1st over - 0 run(s), 1 hit(s), 0 error(s), 1 left on base; Cincinnati 1 - Lee's Summit 0
TOP OF THE 2ND
Cincinnati Pride batting - Pitching for Lee's Summit Tigers : LHP Jeff Sandusky
Batting: LHB Gabriel Aragón 0-0: Called Strike
0-1: Foul Ball, location: 2F
0-2: Strikes out swinging
Batting: RHB Bartolo Montero 0-0: Called Strike
0-1: Foul Ball, location: 2F
0-2: Strikes out looking
Batting: RHB José Antonio Delgado 0-0: Called Strike
0-1: Ball
1-1: Foul Ball, location: 2F
1-2: Foul Ball, location: 2F
1-2: Fly out, F5 (Popup, 25F)
Top of the 2nd over - 0 run(s), 0 hit(s), 0 error(s), 0 left on base; Cincinnati 1 - Lee's Summit 0
BOTTOM OF THE 2ND
Lee's Summit Tigers batting - Pitching for Cincinnati Pride : LHP Josh Wall
Batting: LHB Richard Hinkle 0-0: Swinging Strike
0-1: Ball
1-1: Foul Ball, location: 2F
1-2: Strikes out swinging
Batting: LHB José López 0-0: Swinging Strike
0-1: Called Strike
0-2: Foul Ball, location: 2F
0-2: Strikes out swinging
Batting: RHB Rusty Bennett 0-0: Ball
1-0: Ground out 6-3 (Groundball, 56)
Bottom of the 2nd over - 0 run(s), 0 hit(s), 0 error(s), 0 left on base; Cincinnati 1 - Lee's Summit 0
TOP OF THE 3RD
Cincinnati Pride batting - Pitching for Lee's Summit Tigers : LHP Jeff Sandusky
Batting: RHB Steve Meyers 0-0: Called Strike
0-1: Swinging Strike
0-2: Ball
1-2: Ball
2-2: Strikes out swinging
Batting: RHB Wilson Flores 0-0: SINGLE (Groundball, 34D)
Batting: LHB Ángel Tuzzi 0-0: Called Strike
0-1: Ball
1-1: Foul Ball, location: 2F
1-2: Fly out, F7 (Flyball, 7LS)
Batting: LHB John Clark 0-0: Called Strike
0-1: Swinging Strike
0-2: Strikes out swinging
Top of the 3rd over - 0 run(s), 1 hit(s), 0 error(s), 1 left on base; Cincinnati 1 - Lee's Summit 0
BOTTOM OF THE 3RD
Lee's Summit Tigers batting - Pitching for Cincinnati Pride : LHP Josh Wall
Batting: RHB Flint Todd 0-0: Foul Ball, location: 2F
0-1: Foul Ball, location: 2F
0-2: Foul Ball, location: 2F
0-2: Strikes out swinging
Batting: LHB Milo Powers 0-0: Swinging Strike
0-1: Foul Ball, location: 2F
0-2: Strikes out looking
Batting: RHB Michael Hall 0-0: Foul Ball, location: 2F
0-1: Ball
1-1: Ball
2-1: Ball
3-1: Base on Balls
Batting: RHB Ricardo Velásquez 0-0: Called Strike
0-1: Swinging Strike
0-2: Foul Ball, location: 2F
0-2: Foul Ball, location: 2F
0-2: Foul Ball, location: 2F
0-2: Ball
Michael Hall steals 2nd base
1-2: Ball
2-2: Foul Ball, location: 2F
2-2: Ball
3-2: Foul Ball, location: 2F
3-2: Foul Ball, location: 2F
3-2: Foul Ball, location: 2F
3-2: Base on Balls
Batting: LHB Edward Rose 0-0: SINGLE (Flyball, 8RS)
Michael Hall to third
Ricardo Velásquez to second
Runner from 3rd tries for Home, SAFE, no throw or cutoff
Batting: RHB Oliver Todd 0-0: Called Strike
0-1: Foul Ball, location: 2F
0-2: Ball
1-2: Strikes out swinging
Bottom of the 3rd over - 1 run(s), 1 hit(s), 0 error(s), 2 left on base; Cincinnati 1 - Lee's Summit 1
TOP OF THE 4TH
Cincinnati Pride batting - Pitching for Lee's Summit Tigers : LHP Jeff Sandusky
Batting: LHB Iván Vázquez 0-0: Ball
1-0: Ball
2-0: Ball
3-0: Base on Balls
Batting: RHB Álex Hernández 0-0: Called Strike
0-1: Ball
1-1: Foul Ball, location: 2F
1-2: Foul Ball, location: 2F
1-2: Strikes out swinging
Batting: LHB Gabriel Aragón 0-0: Called Strike
0-1: Ball
1-1: Foul Ball, location: 2F
1-2: Strikes out swinging
Batting: RHB Bartolo Montero 0-0: Ball
1-0: Called Strike
1-1: Foul Ball, location: 2F
1-2: Foul Ball, location: 2F
1-2: Ground out 5-3 (Groundball, 56)
Top of the 4th over - 0 run(s), 0 hit(s), 0 error(s), 1 left on base; Cincinnati 1 - Lee's Summit 1
BOTTOM OF THE 4TH
Lee's Summit Tigers batting - Pitching for Cincinnati Pride : LHP Josh Wall
Batting: LHB Richard Hinkle 0-0: Ball
1-0: Fly out, F7 (Flyball, 7D)
Batting: LHB José López 0-0: Ball
1-0: Foul Ball, location: 2F
1-1: Swinging Strike
1-2: Ball
2-2: Strikes out swinging
Batting: RHB Rusty Bennett 0-0: Fly out, F7 (Flyball, 7LM)
Bottom of the 4th over - 0 run(s), 0 hit(s), 0 error(s), 0 left on base; Cincinnati 1 - Lee's Summit 1
TOP OF THE 5TH
Cincinnati Pride batting - Pitching for Lee's Summit Tigers : LHP Jeff Sandusky
Batting: RHB José Antonio Delgado 0-0: SINGLE (Line Drive, 4MD)
Batting: RHB Steve Meyers 0-0: Called Strike
0-1: Ball
1-1: Ball
2-1: Foul Ball, location: 2F
2-2: Foul Ball, location: 2F
2-2: Foul Ball, location: 2F
2-2: Ball
3-2: Strikes out swinging
Batting: RHB Wilson Flores 0-0: Ball
1-0: Foul Ball, location: 2F
1-1: Foul Ball, location: 2F
1-2: Foul Ball, location: 2F
1-2: Foul Ball, location: 2F
1-2: Hit by Pitch
José Antonio Delgado to second
Batting: LHB Ángel Tuzzi 0-0: Ball
1-0: Ball
2-0: Called Strike
2-1: Called Strike
2-2: Ball
3-2: Base on Balls
José Antonio Delgado to third
Wilson Flores to second
Batting: LHB John Clark 0-0: SINGLE (Line Drive, 4MD)
José Antonio Delgado scores
Wilson Flores to third
Ángel Tuzzi to second
Runner from 3rd tries for Home, SAFE, no throw or cutoff
Pitching: RHP Lester Williams
Batting: LHB Iván Vázquez 0-0: Ball
1-0: Ball
2-0: Foul Ball, location: 2F
2-1: Ground out 3-1 (Groundball, 34S)
Ángel Tuzzi to third
John Clark to second
Batting: RHB Álex Hernández 0-0: Swinging Strike
0-1: Ground out 6-3 (Groundball, 6)
Top of the 5th over - 2 run(s), 2 hit(s), 0 error(s), 2 left on base; Cincinnati 3 - Lee's Summit 1
BOTTOM OF THE 5TH
Lee's Summit Tigers batting - Pitching for Cincinnati Pride : LHP Josh Wall
Batting: RHB Flint Todd 0-0: Ball
1-0: Ball
2-0: SINGLE (Line Drive, 7S)
Batting: LHB Milo Powers 0-0: Ball
1-0: Ball
2-0: Ball
3-0: Called Strike
3-1: Swinging Strike
3-2: Foul Ball, location: 2F
3-2: Strikes out looking
Batting: RHB Michael Hall 0-0: Ball
1-0: Foul Ball, location: 2F
1-1: Ball
2-1: Foul Ball, location: 2F
2-2: Strikes out swinging
Batting: RHB Ricardo Velásquez 0-0: Called Strike
0-1: Foul Ball, location: 2F
0-2: Fly out, F4 (Popup, 13)
Bottom of the 5th over - 0 run(s), 1 hit(s), 0 error(s), 1 left on base; Cincinnati 3 - Lee's Summit 1
TOP OF THE 6TH
Cincinnati Pride batting - Pitching for Lee's Summit Tigers : RHP Lester Williams
Batting: LHB Gabriel Aragón 0-0: Ball
1-0: Swinging Strike
1-1: Called Strike
1-2: Ball
2-2: Strikes out swinging
Batting: RHB Bartolo Montero 0-0: Called Strike
0-1: Called Strike
0-2: Ball
1-2: Fly out, F8 (Flyball, 8RD)
Batting: RHB José Antonio Delgado 0-0: Ball
1-0: Ball
2-0: Called Strike
2-1: Called Strike
2-2: Fly out, F2 (Popup, 2RF)
Top of the 6th over - 0 run(s), 0 hit(s), 0 error(s), 0 left on base; Cincinnati 3 - Lee's Summit 1
BOTTOM OF THE 6TH
Lee's Summit Tigers batting - Pitching for Cincinnati Pride : LHP Josh Wall
Batting: LHB Edward Rose 0-0: Called Strike
0-1: Called Strike
0-2: Ground out 6-3 (Groundball, 6M)
Batting: RHB Oliver Todd 0-0: Ball
1-0: Foul Ball, location: 2F
1-1: Swinging Strike
1-2: Strikes out swinging
Batting: LHB Richard Hinkle 0-0: Called Strike
0-1: Ball
1-1: Swinging Strike
1-2: Strikes out swinging
Bottom of the 6th over - 0 run(s), 0 hit(s), 0 error(s), 0 left on base; Cincinnati 3 - Lee's Summit 1
TOP OF THE 7TH
Cincinnati Pride batting - Pitching for Lee's Summit Tigers : RHP Lester Williams
Batting: RHB Steve Meyers 0-0: Ball
1-0: Swinging Strike
1-1: DOUBLE (Flyball, 89XD)
Batting: RHB Wilson Flores 0-0: Ball
1-0: Fly out, F9 (Flyball, 89M)
Batting: LHB Ángel Tuzzi 0-0: Intentional Walk
Pitching: LHP Dave McCoy
Batting: LHB John Clark 0-0: Ball
1-0: Called Strike
1-1: Ground out 5-3 (Groundball, 5S)
Steve Meyers to third
Ángel Tuzzi to second
Batting: LHB Iván Vázquez 0-0: Called Strike
0-1: Swinging Strike
0-2: Ball
1-2: Strikes out swinging
Top of the 7th over - 0 run(s), 1 hit(s), 0 error(s), 2 left on base; Cincinnati 3 - Lee's Summit 1
BOTTOM OF THE 7TH
Lee's Summit Tigers batting - Pitching for Cincinnati Pride : LHP Josh Wall
Pitching: RHP Roberto Cordero
Batting: LHB José López 0-0: Foul Ball, location: 2F
0-1: Foul Ball, location: 2F
0-2: Ball
1-2: Ball
2-2: Fly out, F3 (Popup, 4)
Batting: RHB Rusty Bennett 0-0: Ball
1-0: Called Strike
1-1: Called Strike
1-2: Ball
2-2: Ball
3-2: Foul Ball, location: 2F
3-2: Base on Balls
Batting: RHB Flint Todd 0-0: Ball
1-0: Ball
2-0: Swinging Strike
2-1: Swinging Strike
2-2: Foul Ball, location: 2F
2-2: Strikes out swinging
Batting: LHB Milo Powers 0-0: Ball
1-0: Swinging Strike
1-1: Swinging Strike
1-2: Foul Ball, location: 2F
1-2: Foul Ball, location: 2F
1-2: Ball
2-2: Foul Ball, location: 2F
2-2: Ball
Rusty Bennett steals 2nd base
3-2: Strikes out swinging
Bottom of the 7th over - 0 run(s), 0 hit(s), 0 error(s), 1 left on base; Cincinnati 3 - Lee's Summit 1
TOP OF THE 8TH
Cincinnati Pride batting - Pitching for Lee's Summit Tigers : LHP Dave McCoy
Batting: RHB Álex Hernández 0-0: Swinging Strike
0-1: Swinging Strike
0-2: Ball
1-2: Fly out, F9 (Flyball, 9M)
Batting: LHB Gabriel Aragón 0-0: Ball
1-0: Called Strike
1-1: Ball
2-1: Foul Ball, location: 2F
2-2: Fly out, F7 (Flyball, 7M)
Batting: RHB Bartolo Montero 0-0: Foul Ball, location: 2F
0-1: Ground out 6-3 (Groundball, 6M)
Top of the 8th over - 0 run(s), 0 hit(s), 0 error(s), 0 left on base; Cincinnati 3 - Lee's Summit 1
BOTTOM OF THE 8TH
Lee's Summit Tigers batting - Pitching for Cincinnati Pride : RHP Roberto Cordero
Batting: RHB Michael Hall 0-0: Called Strike
0-1: Ball
1-1: SINGLE (Groundball, 34S)
Pitching: RHP Juan González
Batting: RHB Ricardo Velásquez 0-0: Ball
1-0: Foul Ball, location: 2F
1-1: Called Strike
1-2: Strikes out looking
Batting: LHB Edward Rose 0-0: Called Strike
0-1: Ball
1-1: Ball
2-1: Ball
3-1: Base on Balls
Michael Hall to second
Batting: RHB Oliver Todd 0-0: Called Strike
0-1: Ball
1-1: SINGLE (Groundball, 56D)
Michael Hall to third
Edward Rose to second
Runner from 3rd tries for Home, SAFE, no throw or cutoff
Batting: LHB Richard Hinkle 0-0: Ball
1-0: Called Strike
1-1: Swinging Strike
1-2: Foul Ball, location: 2F
1-2: Ball
2-2: Strikes out swinging
Batting: LHB José López 0-0: Ball
1-0: Ball
2-0: Foul Ball, location: 2F
2-1: Foul Ball, location: 2F
2-2: Ground out 4-3 (Groundball, 4)
Bottom of the 8th over - 1 run(s), 2 hit(s), 0 error(s), 2 left on base; Cincinnati 3 - Lee's Summit 2
TOP OF THE 9TH
Cincinnati Pride batting - Pitching for Lee's Summit Tigers : LHP Dave McCoy
Pitching: RHP Alejandro Longoria
Batting: RHB José Antonio Delgado 0-0: Ball
1-0: Ball
2-0: Called Strike
2-1: Foul Ball, location: 2F
2-2: Fly out, F3 (Popup, 3F)
Batting: RHB Steve Meyers 0-0: Called Strike
0-1: Called Strike
0-2: Ball
1-2: Strikes out swinging
Batting: RHB Wilson Flores 0-0: Fly out, F5 (Popup, 5SF)
Top of the 9th over - 0 run(s), 0 hit(s), 0 error(s), 0 left on base; Cincinnati 3 - Lee's Summit 2
BOTTOM OF THE 9TH
Lee's Summit Tigers batting - Pitching for Cincinnati Pride : RHP Juan González
Pitching: RHP Gonzalo Benetti
Now at SS: Burkhard Bittinger
Now in RF: Roberto Quiñones
Batting: RHB Rusty Bennett 0-0: Foul Ball, location: 2F
0-1: Ball
1-1: Ball
2-1: Fly out, F1 (Line Drive, 15S)
Batting: RHB Flint Todd 0-0: Fly out, F7 (Flyball, 7D)
Batting: LHB Milo Powers 0-0: Ball
1-0: Ball
2-0: Called Strike
2-1: Called Strike
2-2: Strikes out swinging
Bottom of the 9th over - 0 run(s), 0 hit(s), 0 error(s), 0 left on base; Cincinnati 3 - Lee's Summit 2
Monday, December 5th, 2016 - OOTP Baseball 17.12 Build 75